Map: Ancient Cistern LE

Players

MattBarry - Winner!

  • Race: Zerg Zerg
  • League: Gold
  • Spawn Location: 7:00

alphaDRP

  • Race: Zerg Zerg
  • League: Gold
  • Spawn Location: 1:00

VOD

Have the link to the VOD?

Description

Time

  • Played on: Jan. 30, 2023, 4:38 a.m.
  • Length: 4:11
Show
View Real Time Build Order
Export as new Build Order

MattBarry Zerg - Winner!

Build Orders: Pool First 

Get SALT Encoding   

  12  0:00  Drone  
  13  0:08  Drone  
  14  0:18  Drone, Extractor  
  14  0:32  Spawning Pool  
  13  0:40  Drone  
  14  0:44  Overlord  
  14  1:02  Drone  
  14  1:03  Drone  
  16  1:23  Metabolic Boost  
  16  1:24  Zergling x2  
  16  1:25  Zergling x2  
  18  1:27  Queen  
  18  1:31  Zergling x2  
  21  1:39  Drone  
  22  1:47  Overlord  
  22  2:06  Drone  
  23  2:19  Hatchery  
  22  2:28  Drone  
  23  2:32  Queen  
  23  2:33  Zergling x4  
  23  2:36  Zergling x2  
  23  2:37  Zergling x2  
  22  2:59  Zergling x6  
  24  3:14  Drone  
  24  3:18  Drone  
  24  3:19  Drone x2  
  28  3:23  Overlord  
  28  3:34  Drone  
  28  3:55  Drone x4  
Show
View Real Time Build Order
Export as new Build Order

alphaDRP Zerg 

Build Orders: 1 Base Baneling Bust, Pool Only 

Get SALT Encoding   

  12  0:18  Spawning Pool  
  12  0:20  Extractor  
  10  0:24  Drone  
  11  0:29  Drone  
  11  0:35  Drone  
  13  0:41  Drone  
  14  0:50  Overlord  
  14  1:08  Zergling x2  
  14  1:09  Zergling x2  
  16  1:14  Queen  
  18  1:24  Metabolic Boost  
  18  1:29  Zergling x2  
  19  1:33  Zergling x2  
  20  1:47  Zergling x2  
  21  1:52  Zergling x2  
  22  2:03  Overlord  
  22  2:11  Overlord  
  22  2:22  Baneling Nest  
  21  2:23  Drone  
  22  2:33  Zergling x4  
  22  2:34  Zergling x2  
  25  2:42  Zergling x2  
  23  2:56  Zergling x2  
  16  3:04  Zergling x2  
  17  3:08  Zergling x6  
  20  3:34  Spine Crawler  
Tags
 
Add a new tag
Caveats
  • Supply blocks, unpowered buildings, or Contaminate may cause inaccurate times.
  • Supply counts are checked every 10 seconds.